 Dungeon Crawl Stone Soup version 0.26-a0-854-gdc81c2f471 (webtiles) character file.

Game seed: 8149961699963793726

5763 Gargoyl the Fighter (level 10, -23/82 HPs)
             Began as a Gnoll Abyssal Knight on Nov 24, 2020.
             Was an Elder of Lugonu.
             Annihilated by a deep elf knight
             ... wielding a +0 long sword
              (28 damage)
             ... on level 9 of the Dungeon.
             The game lasted 00:12:36 (9716 turns).

Gargoyl the Fighter (Gnoll Abyssal Knight)          Turns: 9716, Time: 00:12:37

Health: -23/82     AC: 19    Str: 19    XL:     10   Next: 78%
Magic:  11/18      EV: 11    Int: 14    God:    Lugonu [****..]
Gold:   141        SH:  0    Dex: 14    Spells: 20/20 levels left

rFire    . . .     SeeInvis .   o - +6 quarterstaff (chaos)
rCold    . . .     Faith    .   (shield currently unavailable)
rNeg     . . .     Spirit   .   m - +1 chain mail
rPois    .         Reflect  .   A - +0 helmet (curse)
rElec    .         Harm     .   n - +2 cloak {rCorr}
rCorr    +         Rampage  .   B - +2 pair of gloves
MR       .....                  (no boots)
Stlth    ..........             (no amulet)
HPRegen  0.23/turn              (no ring)
MPRegen  0.16/turn              (no ring)

@: no status effects
A: distributed training, fangs 1, strong nose
a: Depart the Abyss, Bend Space, Banish, Corrupt, Renounce Religion


You were on level 9 of the Dungeon.
You worshipped Lugonu.
Lugonu was greatly pleased with you.
You visited 1 branch of the dungeon, and saw 9 of its levels.
You visited the Abyss 1 time.

You collected 581 gold pieces.
You spent 440 gold pieces at shops.

Inventory:

Hand Weapons
 a - a +1 hand axe
 o - a +6 quarterstaff of chaos (weapon)
 t - a +0 broad axe of electrocution
Missiles
 p - 6 poisoned darts (quivered)
Armour
 m - a +1 chain mail (worn)
 n - a +2 cloak of preservation (worn)
 r - a +0 kite shield
 A - a cursed +0 helmet (worn)
 B - a +2 pair of gloves (worn)
Wands
 q - a wand of flame (44)
 s - a wand of paralysis (9)
 y - a wand of polymorph (5)
Scrolls
 d - 5 scrolls of identify
 e - 3 scrolls of teleportation
 h - 2 scrolls of magic mapping
 k - 2 scrolls of fear
 v - 2 scrolls of remove curse
Potions
 b - 3 potions of flight
 c - a potion of invisibility
 f - a potion of lignification
 g - 2 potions of might
 i - 8 potions of heal wounds
 j - 8 potions of curing
 l - 2 potions of haste
 u - a potion of brilliance
 w - a potion of ambrosia
 x - a potion of mutation
 z - a potion of cancellation {unknown}


   Skills:
 + Level 8.7 Fighting
 + Level 5.6 Short Blades
 + Level 5.6 Long Blades
 + Level 7.3 Axes
 + Level 5.6 Maces & Flails
 + Level 5.6 Polearms
 + Level 5.6 Staves
 + Level 5.6 Slings
 + Level 5.6 Bows
 + Level 5.6 Crossbows
 + Level 5.6 Throwing
 + Level 7.3 Armour
 + Level 6.2 Dodging
 + Level 5.6 Stealth
 + Level 5.6 Shields
 + Level 5.6 Unarmed Combat
 + Level 5.6 Spellcasting
 + Level 4.6 Conjurations
 + Level 4.6 Hexes
 + Level 4.6 Summonings
 + Level 4.6 Necromancy
 + Level 4.6 Translocations
 + Level 4.6 Transmutations
 + Level 4.6 Fire Magic
 + Level 4.6 Ice Magic
 + Level 4.6 Air Magic
 + Level 4.6 Earth Magic
 + Level 4.6 Poison Magic
 + Level 7.7 Invocations
 + Level 5.6 Evocations


You had 20 spell levels left.
You didn't know any spells.
Your spell library was empty.

Dungeon Overview and Level Annotations

Branches:
Dungeon (9/15)             Temple (0/1) D:4             Orc (0/2) D:9
   Lair: D:8-11

Altars:
Makhleb
Xom

Shops:
D:9 !

Annotations:
D:9 corrupted


Innate Abilities, Weirdness & Mutations

Your experience applies equally to all skills.
You have very sharp teeth.
Your uncanny sense of smell can sniff out nearby items.


Message History

Lightning courses through the deep elf knight!
The deep elf knight is severely wounded.
The deep elf knight completely misses you.
You barely miss the deep elf knight.
The deep elf knight is severely wounded.
The deep elf knight closely misses you.
You hit the deep elf knight.
The deep elf knight is almost dead.
The deep elf knight hits you but does no damage.
The deep elf knight hits you with a +0 long sword!!
* * * LOW HITPOINT WARNING * * *
The deep elf knight hits you with a +0 long sword!
* * * LOW HITPOINT WARNING * * *
The deep elf knight misses you.
Okay, then.
Okay, then.
Lugonu's Hand of Corruption reaches out!
The deep elf knight hits you but does no damage.
The deep elf knight hits you with a +0 long sword!!
You die...

..#####..†..#.......#
............#.#.8.Z....
............#..#.X#...
.............3....#..
#...####..hX2Y#.X.#
#... #..#X#..3.## # ###
#...3..xx.##.X#
######x.#G...X#
#Xe@xx.#


#.exLx.x# #.{([K##4# ##.#G#3. ## ####X # You could see 2 deep elf knights, 2
neutral starcursed masses, 2 neutral tentacled starspawn, a neutral lich
(summoned), a neutral balrug (summoned), a neutral hell hog (summoned), a
neutral glowing orange brain (summoned), a neutral orange demon (summoned), 4
neutral large abominations, a neutral worldbinder (summoned), a neutral kobold
demonologist (summoned), a neutral eye of draining (summoned), a neutral
sixfirhy (summoned, wandering), 2 neutral smoke demons, a neutral ynoxinul
(summoned), a neutral ice beast (summoned), 7 neutral small abominations and a
neutral storm dragon zombie (summoned).

Vanquished Creatures
  Joseph (D:8)
  Sigmund (D:2)
  2 yaks (D:8)
  Grum (D:8)
  2 orc warriors
  A water moccasin (D:8)
  2 ice beasts
  3 sky beasts
  2 phantoms
  4 wolves (D:8)
  3 ogres
  6 centaurs
  3 bullfrogs (D:6)
  A gnoll sergeant (D:5)
  A small abomination (Abyss:1)
  6 killer bees (D:9)
  5 wights
  An electric eel (D:9)
  A bullfrog zombie (D:9)
  A centaur zombie (D:8)
  Crazy Yiuf (D:2)
  A centaur skeleton (D:5)
  8 hounds
  An orc priest (D:5)
  3 iguanas
  Natasha (thrice) (D:2)
  3 orc wizards
  7 worker ants
  A killer bee zombie (D:6)
  2 hound zombies
  A worker ant zombie (D:9)
  13 gnolls
  12 adders
  5 shadow imps
  A white imp (D:6)
  3 ufetubi
  2 worms
  4 dart slugs
  6 leopard geckos
  26 orcs
  3 ball pythons
  2 giant cockroaches
  8 hobgoblins
  6 jackals
  2 quokkas
  10 bats
  5 frilled lizards
  9 goblins
  A jackal skeleton (D:5)
  12 kobolds
  4 rats
212 creatures vanquished.

Vanquished Creatures (others)
  A yak (D:8)
1 creature vanquished.

Grand Total: 213 creatures vanquished

Notes
Turn   | Place    | Note
-------+----------+-------------------------------------------
     0 | Abyss:1  | Gargoyl the Gnoll Abyssal Knight began the quest for the
                  | Orb.
     0 | Abyss:1  | Reached XP level 1. HP: 23/23 MP: 3/3
    66 | Abyss:1  | Noticed a small abomination
    97 | Abyss:1  | Noticed a thrashing horror
   101 | Abyss:1  | Killed a small abomination
   102 | Abyss:1  | Reached skill level 1 in Short Blades
   102 | Abyss:1  | Reached skill level 1 in Long Blades
   102 | Abyss:1  | Reached skill level 1 in Maces & Flails
   102 | Abyss:1  | Reached skill level 1 in Polearms
   102 | Abyss:1  | Reached skill level 1 in Staves
   102 | Abyss:1  | Reached skill level 1 in Slings
   102 | Abyss:1  | Reached skill level 1 in Bows
   102 | Abyss:1  | Reached skill level 1 in Crossbows
   102 | Abyss:1  | Reached skill level 1 in Throwing
   102 | Abyss:1  | Reached skill level 1 in Stealth
   102 | Abyss:1  | Reached skill level 1 in Shields
   102 | Abyss:1  | Reached skill level 1 in Unarmed Combat
   102 | Abyss:1  | Reached skill level 1 in Spellcasting
   102 | Abyss:1  | Reached skill level 1 in Evocations
   102 | Abyss:1  | Reached XP level 2. HP: 4/29 MP: 5/5
   102 | Abyss:1  | Reached XP level 3. HP: 6/35 MP: 6/6
   102 | D:1      | Escaped the Abyss
   430 | D:1      | Reached XP level 4. HP: 41/41 MP: 7/7
   444 | D:1      | Reached * piety under Lugonu
  1129 | D:2      | Noticed Natasha
  1133 | D:2      | Reached skill level 1 in Conjurations
  1133 | D:2      | Reached skill level 1 in Hexes
  1133 | D:2      | Reached skill level 1 in Summonings
  1133 | D:2      | Reached skill level 1 in Necromancy
  1133 | D:2      | Reached skill level 1 in Translocations
  1133 | D:2      | Reached skill level 1 in Transmutations
  1133 | D:2      | Reached skill level 1 in Fire Magic
  1133 | D:2      | Reached skill level 1 in Ice Magic
  1133 | D:2      | Reached skill level 1 in Air Magic
  1133 | D:2      | Reached skill level 1 in Earth Magic
  1133 | D:2      | Reached skill level 1 in Poison Magic
  1135 | D:2      | Killed Natasha
  1151 | D:2      | Noticed Natasha
  1161 | D:2      | Reached XP level 5. HP: 40/47 MP: 8/8
  1166 | D:2      | Killed Natasha
  1235 | D:2      | Noticed Natasha
  1246 | D:2      | Killed Natasha
  1359 | D:2      | Reached ** piety under Lugonu
  1441 | D:2      | Noticed Sigmund
  1464 | D:2      | Killed Sigmund
  1465 | D:2      | Reached skill level 5 in Axes
  1465 | D:2      | Reached skill level 5 in Armour
  1465 | D:2      | Reached skill level 5 in Invocations
  1465 | D:2      | Reached XP level 6. HP: 14/53 MP: 9/9
  2229 | D:2      | Found a runed translucent door.
  2230 | D:2      | Noticed Crazy Yiuf
  2248 | D:2      | Killed Crazy Yiuf
  2622 | D:3      | Reached XP level 7. HP: 53/59 MP: 10/10
  3043 | D:4      | Reached skill level 7 in Fighting
  3501 | D:4      | Found a burning altar of Makhleb.
  3807 | D:4      | Found a staircase to the Ecumenical Temple.
  3834 | D:5      | Entered Level 5 of the Dungeon
  3964 | D:5      | Reached XP level 8. HP: 40/67 MP: 12/12
  4190 | D:5      | Reached *** piety under Lugonu
  5324 | D:6      | Found a shimmering altar of Xom.
  5325 | D:6      | Reached **** piety under Lugonu
  5356 | D:6      | Reached XP level 9. HP: 33/72 MP: 14/14
  5754 | D:6      | Noticed a seven-headed hydra
  5757 | D:6      | Banished a seven-headed hydra
  5758 | D:6      | Reached skill level 5 in Dodging
  5942 | D:6      | Reached skill level 8 in Fighting
  6689 | D:7      | Reached XP level 10. HP: 67/80 MP: 17/17
  7398 | D:8      | Reached skill level 5 in Short Blades
  7398 | D:8      | Reached skill level 5 in Long Blades
  7398 | D:8      | Reached skill level 5 in Maces & Flails
  7398 | D:8      | Reached skill level 5 in Polearms
  7398 | D:8      | Reached skill level 5 in Staves
  7398 | D:8      | Reached skill level 5 in Slings
  7398 | D:8      | Reached skill level 5 in Bows
  7398 | D:8      | Reached skill level 5 in Crossbows
  7398 | D:8      | Reached skill level 5 in Throwing
  7398 | D:8      | Reached skill level 5 in Stealth
  7398 | D:8      | Reached skill level 5 in Shields
  7398 | D:8      | Reached skill level 5 in Unarmed Combat
  7398 | D:8      | Reached skill level 5 in Spellcasting
  7398 | D:8      | Reached skill level 5 in Evocations
  7460 | D:8      | Noticed Joseph
  7484 | D:8      | Killed Joseph
  7844 | D:8      | Noticed Grum
  7854 | D:8      | Killed Grum
  8967 | D:9      | Found Obro Wai's Distillery.
  8991 | D:9      | Bought a potion of heal wounds for 55 gold pieces
  8991 | D:9      | Bought a potion of heal wounds for 55 gold pieces
  8991 | D:9      | Bought a potion of heal wounds for 55 gold pieces
  8991 | D:9      | Bought a potion of ambrosia for 88 gold pieces
  8991 | D:9      | Bought a potion of curing for 33 gold pieces
  8991 | D:9      | Bought a potion of curing for 33 gold pieces
  8991 | D:9      | Bought a potion of curing for 33 gold pieces
  8991 | D:9      | Bought a potion of mutation for 88 gold pieces
  9404 | D:9      | Found a staircase to the Orcish Mines.
  9700 | D:9      | Noticed a deep elf knight
  9716 | D:9      | Corrupted D:9
  9716 | D:9      | Noticed a smoke demon
  9716 | D:9      | Noticed a kobold demonologist
  9716 | D:9      | Noticed a starcursed mass
  9716 | D:9      | Noticed a hell hog
  9716 | D:9      | Noticed a large abomination
  9716 | D:9      | Noticed a smoke demon
  9716 | D:9      | Noticed a lich
  9716 | D:9      | Noticed a sixfirhy
  9716 | D:9      | Noticed a starcursed mass
  9716 | D:9      | Noticed a glowing orange brain
  9716 | D:9      | Noticed a worldbinder
  9716 | D:9      | Noticed a tentacled starspawn
  9716 | D:9      | Noticed an orange demon
  9716 | D:9      | Noticed a balrug
  9716 | D:9      | Noticed a large abomination
  9716 | D:9      | Noticed a tentacled starspawn
  9716 | D:9      | Annihilated by a deep elf knight

Illustrated notes

Levels and vault maps discovered:
D:1:      mrwooster_arrival_statue, layout_loops_ring, minmay_heptomino_w4
D:2:      layout_loops_cross, kennysheep_generic_room_14, uniq_natasha,
          uniq_crazy_yiuf_cottage, uniq_sigmund
D:3:      layout_rooms
D:4:      layout_basic, minmay_temple_entry_from_below_a, chequers_garden,
          makhleb_heckhound_becter
D:5:      layout_gridville
D:6:      layout_rooms, tgw_xom, kb_rosetta
D:7:      layout_rooms, kennysheep_generic_room_4
D:8:      layout_layer_cave, uniq_grum, uniq_joseph
D:9:      layout_irregular_city, serial_shops,
          nicolae_shop_competitors_out_of_business, minivault_14,
          minmay_three_doors

Skill      XL: |  1  2  3  4  5  6  7  8  9 10 |
---------------+-------------------------------+-----
Short Blades   | 1 2 3 4 5 |  5.6
Long Blades    | 1 2 3 4 5 |  5.6
Maces & Flails | 1 2 3 4 5 |  5.6
Polearms       | 1 2 3 4 5 |  5.6
Staves         | 1 2 3 4 5 |  5.6
Slings         | 1 2 3 4 5 |  5.6
Bows           | 1 2 3 4 5 |  5.6
Crossbows      | 1 2 3 4 5 |  5.6
Throwing       | 1 2 3 4 5 |  5.6
Stealth        | 1 2 3 4 5 |  5.6
Shields        | 1 2 3 4 5 |  5.6
Unarmed Combat | 1 2 3 4 5 |  5.6
Spellcasting   | 1 2 3 4 5 |  5.6
Evocations     | 1 2 3 4 5 |  5.6
Conjurations   | 1 2 3 4 |  4.6
Hexes          | 1 2 3 4 |  4.6
Summonings     | 1 2 3 4 |  4.6
Necromancy     | 1 2 3 4 |  4.6
Translocations | 1 2 3 4 |  4.6
Transmutations | 1 2 3 4 |  4.6
Fire Magic     | 1 2 3 4 |  4.6
Ice Magic      | 1 2 3 4 |  4.6
Air Magic      | 1 2 3 4 |  4.6
Earth Magic    | 1 2 3 4 |  4.6
Poison Magic   | 1 2 3 4 |  4.6
Dodging        | 3 4 5 6 |  6.2
Axes           | 5 6 7 |  7.3
Armour         | 5 6 7 |  7.3
Invocations    | 5 6 7 |  7.7
Fighting       | 7 8 |  8.7

Action                   |  1- 3 |  4- 6 |  7- 9 | 10-12 || total
-------------------------+-------+-------+-------+-------++-------
Melee: Hand axe          |     8 |   154 |       |       ||   162
       Bite              |       |    11 |    38 |    20 ||    69
       Punch             |       |     1 |       |       ||     1
       Quarterstaff      |       |    15 |   336 |   149 ||   500
       Broad axe         |       |       |       |    17 ||    17
Invok: Depart the Abyss  |     1 |       |       |       ||     1
       Banish            |       |       |     1 |       ||     1
       Corrupt           |       |       |       |     1 ||     1
  Use: Potion            |     1 |     2 |       |     2 ||     5
       Scroll            |     1 |       |    15 |     5 ||    21
 Stab: Sleeping          |       |     3 |       |       ||     3
       Paralysed         |       |       |       |     4 ||     4
       Petrifying        |       |       |       |     2 ||     2
Armor: Skin              |     9 |       |       |       ||     9
       Leather armour    |       |    10 |       |       ||    10
       Chain mail        |       |    59 |   238 |   118 ||   415
       Ring mail         |       |     1 |       |       ||     1
Dodge: Dodged            |     2 |    84 |   190 |   117 ||   393

Table legend: (Time is in decaauts)
 A = Elapsed time spent in this place.
 B = Non-inter-level travel time spent in this place.
 C = Inter-level travel time spent in this place.
 D = Time resting spent in this place.
 E = Time spent auto-exploring this place.
 F = Levels seen in this place.
 G = Mean time per level.
                   A        B        C        D        E       F      G
               +--------+--------+--------+--------+--------+-----+--------+
         Total |   9789 |   9562 |    227 |   1403 |   6354 |  10 |  978.9 |
       Dungeon |   9686 |   9459 |    227 |   1381 |   6290 |   9 | 1076.2 |
         Abyss |    102 |    102 |      0 |     22 |     64 |   1 |  102.0 |
               +--------+--------+--------+--------+--------+-----+--------+

Top non-repeatable levels by time:
     D:8: 1602 daAuts
     D:2: 1430 daAuts
     D:5: 1369 daAuts
     D:6: 1166 daAuts
     D:9: 1034 daAuts
     D:1: 1029 daAuts
     D:4: 815 daAuts
     D:7: 755 daAuts
     D:3: 481 daAuts
 Abyss:1: 102 daAuts
